 Dungeon Crawl Stone Soup version 0.30-a0-439-g9e77e4d916 (webtiles) character file.

Game seed: 1682601303852795827

11593 cforsyth the Fighter (level 11, -16/151 HPs)
             Began as a Minotaur Berserker on Dec 11, 2022.
             Was an Elder of Trog.
             Killed from afar by Fannar (19 damage)
             ... with a bolt of cold
             ... on level 11 of the Dungeon.
             The game lasted 00:25:05 (12686 turns).

cforsyth the Fighter (Minotaur Berserker)          Turns: 12686, Time: 00:25:05

Health: -16/151    AC: 14    Str: 25    XL:     11   Next: 51%
Magic:  10/10      EV: 13    Int:  4    God:    Trog [****..]
Gold:   629        SH: 10    Dex: 11    Spells: 10/10 levels left

rFire   . . .      SeeInvis .    z - +0 war axe (freeze)
rCold   . . .      Faith    .    k - +0 kite shield
rNeg    . . .      Spirit   .    o - +2 ring mail {Will+}
rPois   +          Reflect  .    a - +1 hat
rElec   .          Harm     .    D - +1 cloak
rCorr   .          Rampage  .    c - +0 pair of gloves
Will    +....                    (no boots)
Stlth   ..........               (no amulet)
HPRegen 0.45/turn                v - ring of poison resistance
MPRegen 0.12/turn                (no ring)

@: berserking (expiring), very quick
A: horns 2, retaliatory headbutt
a: Renounce Religion, Berserk, Trog's Hand, Brothers in Arms


You were on level 11 of the Dungeon.
You worshipped Trog.
Trog was greatly pleased with you.
You visited 1 branch of the dungeon, and saw 11 of its levels.
You also visited: Sewer and Gauntlet.

You collected 656 gold pieces.
You spent 27 gold pieces at shops.

Inventory:

Hand Weapons
 z - a +0 war axe of freezing (weapon)
 C - the +5 scythe "Finisher" {speed, eviscerate}
   (You took it off a minotaur in a Gauntlet)

   Attacks with this weapon are significantly faster.
   It may eviscerate those it strikes, slaying them instantly, with a decreasing
   chance against stronger foes.
 F - a +2 vorpal spear
Armour
 a - a +1 hat (worn)
 c - a +0 pair of gloves (worn)
 k - a +0 kite shield (worn)
 o - a +2 ring mail of willpower (worn)
 s - a +0 ring mail of cold resistance
 D - a +1 cloak (worn)
 G - a +2 scale mail of fire resistance
Jewellery
 h - an amulet of faith
 v - a ring of poison resistance (left hand)
Wands
 I - a wand of mindburst (3)
 J - a wand of digging (7)
 K - a wand of flame (11)
 L - a wand of charming (5)
Scrolls
 b - 3 scrolls of enchant weapon
 e - a scroll of silence
 f - a scroll of identify
 i - 3 scrolls of blinking
 j - 2 scrolls of fog
 t - 2 scrolls of fear
 w - 3 scrolls of teleportation
 x - 2 scrolls of vulnerability
 y - a scroll of noise
 A - 3 scrolls of magic mapping
 E - a scroll of poison
Potions
 d - 6 potions of curing
 g - 2 potions of ambrosia {unknown}
 l - 4 potions of heal wounds
 m - 2 potions of flight
 n - a potion of haste
 p - a potion of invisibility
 q - 3 potions of attraction
 r - 3 potions of lignification
 u - 3 potions of might {unknown}
 B - a potion of berserk rage {unknown}
Miscellaneous
 H - a tin of tremorstones (2/2)


   Skills:
 + Level 10.5 Fighting
 + Level 10.4 Axes
 + Level 10.1 Armour
 + Level 9.2 Dodging
 + Level 9.4 Shields
 + Level 3.0 Evocations


You had 10 spell levels left.
You didn't know any spells.
Your spell library was empty.

Dungeon Overview and Level Annotations

Branches:
Dungeon (11/15)            Temple (0/1) D:7            Lair (0/5) D:11
    Orc (0/2) D:11          Sewer (visited)         Gauntlet (visited)

Altars:
Ashenzari
Cheibriados
Elyvilon
Gozag
Hepliaklqana
Kikubaaqudgha
Makhleb
Nemelex Xobeh
Qazlal
Ru
Trog
Vehumet
Xom
Yredelemnul
Zin
The Shining One

Shops:
D:5 *

Portals:
Trove: D:10 (give +2 fire dragon scales)

Annotations:
D:11 Fannar, Lodul, Nergalle


Innate Abilities, Weirdness & Mutations

You have a pair of horns on your head.
You reflexively headbutt those who attack you in melee.


Message History

You barely miss Fannar.
Fannar is moderately wounded.
You hit the ice beast. You block Fannar's attack.
The ice beast hits you but does no damage.
Unknown command.
You slash Fannar!
Fannar is moderately wounded.
You hit the ice beast. Fannar gestures at you while chanting.
The bolt of cold hits you!!
* * * LOW HITPOINT WARNING * * *
You block the ice beast's attack.
Unknown command.
You closely miss Fannar. You headbutt Fannar!
Fannar is heavily wounded.
You slash the ice beast!
You kill the ice beast!
The ice beast disappears in a puff of smoke!
You block Fannar's attack.
Unknown command.
You slash Fannar!
Fannar is severely wounded.
Unknown command.
You closely miss Fannar. You headbutt Fannar!
Fannar is almost dead.
Fannar hits you but does no damage. Fannar freezes you!
* * * LOW HITPOINT WARNING * * *
Unknown command.
You hit Fannar.
Fannar is almost dead.
Fannar hits you with a staff of cold.
* * * LOW HITPOINT WARNING * * *
Fannar freezes you.
* * * LOW HITPOINT WARNING * * *
Unknown command.
You barely miss Fannar.
Fannar is almost dead.
Fannar casts a spell at you. The bolt of cold hits you!!
You die...

,,,*,,,*,,,*,,,*.,.*,...,,,<,*
*,*,,,,,*,**#,*,.,.,*..,,,,,,*
,***,,,***,,.###.,.##..,,,,,,*
,,*,***,*,,,,.#.###.#.......,*
,*,,,*,,,*,,,#...#...#......,*
**,,,*,,,****#...#...#.......*
,*,,,*,,,*,,,#(..#...#.......*
,,*,***,*,,,,,#.###.#........*
,***,,,***,,,*##@..##........*
*,*,,,,,*,***,#.e...#........*
,,,*,,,*,,,#...#...#........[*
,,,*****,,,#...#####.........*
,,,*,,,*,,,#...#...#.........*
*,*,,,,,*,*##.#.....#.......#*
,***,,,***,,.*##...##.......#
,,*,***,*,,..,#.###.#.......#
,*,,,*,,,*,,,#.,,#...#......#


You could see Fannar.

Vanquished Creatures
  A minotaur (Gauntlet)
  A two-headed ogre (D:10)
  A sixfirhy (Gauntlet)
  A cyclops (D:11)
  A guardian serpent (shapeshifter) (D:9)
  A smoke demon (Gauntlet)
  An unseen horror (D:10)
  A red devil (Gauntlet)
  3 trolls
  A hornet (D:9)
  Prince Ribbit (D:9)
  A vampire (D:10)
  23 yaks
  A wyvern (D:10)
  Edmund (D:6)
  A water moccasin (D:5)
  An orc warrior (D:8)
  3 ice beasts
  2 ogres
  A centaur (D:11)
  A kobold brigand (D:6)
  3 necrophages
  2 gnoll sergeants
  3 wights (D:8)
  5 killer bees (D:11)
  A howler monkey (D:7)
  4 crimson imps (Gauntlet)
  4 hounds
  12 orc priests
  Crazy Yiuf (D:7)
  3 iguanas
  A hell rat (Sewer)
  9 orc wizards
  14 gnolls
  4 adders
  2 river rats (Sewer)
  2 white imps
  5 ufetubi
  3 worms
  2 dart slugs
  42 orcs
  10 endoplasms
  4 giant cockroaches
  6 goblins
  7 hobgoblins
  18 jackals
  6 quokkas
  11 ball pythons
  9 bats
  2 frilled lizards (D:1)
  11 kobolds
  17 rats
271 creatures vanquished.

Vanquished Creatures (collateral kills)
  A green death (Gauntlet)
1 creature vanquished.

Vanquished Creatures (others)
  An orc wizard (D:7)
  42 plants
43 creatures vanquished.

Grand Total: 315 creatures vanquished

Notes
Turn   | Place    | Note
-------+----------+-------------------------------------------
     0 | D:1      | cforsyth the Minotaur Berserker began the quest for the
                  | Orb.
     0 | D:1      | Reached XP level 1. HP: 19/19 MP: 0/0
    84 | D:1      | Reached XP level 2. HP: 25/27 MP: 1/1
   218 | D:1      | Reached ** piety under Trog
   219 | D:1      | Reached XP level 3. HP: 33/33 MP: 2/2
   953 | D:2      | Reached skill level 1 in Shields
   953 | D:2      | Reached XP level 4. HP: 26/41 MP: 3/3
   960 | D:2      | Reached XP level 5. HP: 16/47 MP: 4/4
  1686 | D:3      | Reached *** piety under Trog
  2049 | D:3      | Found a white marble altar of Elyvilon.
  2495 | D:4      | Reached skill level 5 in Fighting
  2495 | D:4      | Reached skill level 5 in Axes
  2495 | D:4      | Reached XP level 6. HP: 55/56 MP: 5/5
  2555 | D:4      | Found a glowing drain.
  2564 | Sewer    | Entered a sewer
  2661 | Sewer    | Reached **** piety under Trog
  3312 | D:5      | Entered Level 5 of the Dungeon
  3529 | D:5      | Found Gaprureheze's Assorted Antiques.
  3533 | D:5      | Bought a scroll labelled ASEBRIADUJ for 27 gold pieces
  3652 | D:5      | Reached XP level 7. HP: 54/61 MP: 6/6
  4389 | D:5      | Reached skill level 5 in Armour
  4659 | D:5      | Reached skill level 5 in Dodging
  4875 | D:5      | Reached XP level 8. HP: 45/70 MP: 2/7
  5299 | D:6      | You fall into a shaft and drop 1 floor!
  5705 | D:7      | Found a staircase to the Ecumenical Temple.
  5792 | D:6      | Noticed Edmund
  5801 | D:6      | Killed Edmund
  6264 | D:6      | Reached skill level 5 in Shields
  6468 | D:6      | Found an opulent altar of Gozag.
  6469 | D:6      | Found a glowing silver altar of Zin.
  6556 | D:6      | Found a burning altar of Makhleb.
  6558 | D:6      | Noticed a balrug
  6562 | D:6      | Noticed a smoke demon
  6677 | D:6      | Found a broken altar of Ashenzari.
  6677 | D:6      | Found a glowing golden altar of the Shining One.
  6890 | D:7      | Found a sacrificial altar of Ru.
  6892 | D:7      | Found a sparkling altar of Nemelex Xobeh.
  6892 | D:7      | Found a shimmering altar of Xom.
  6892 | D:7      | Found a basalt altar of Yredelemnul.
  6898 | D:7      | Found a snail-covered altar of Cheibriados.
  6898 | D:7      | Found a hazy altar of Hepliaklqana.
  7037 | D:7      | Found a runed translucent door.
  7038 | D:7      | Noticed Crazy Yiuf
  7044 | D:7      | Killed Crazy Yiuf
  7835 | D:8      | Reached XP level 9. HP: 78/79 MP: 8/8
  8629 | D:9      | Noticed a troll
  8635 | D:9      | Killed a troll
  8636 | D:9      | Reached XP level 10. HP: 90/90 MP: 9/9
  8641 | D:9      | Found a stormy altar of Qazlal.
  8707 | D:9      | Noticed Prince Ribbit
  8721 | D:9      | Killed Prince Ribbit
  8852 | D:9      | Reached ***** piety under Trog
  8909 | D:9      | a raiju changed into a guardian serpent
  8909 | D:9      | Noticed a guardian serpent (shapeshifter)
  8912 | D:9      | Killed a guardian serpent
  9670 | D:10     | Entered Level 10 of the Dungeon
 10436 | D:10     | Found a radiant altar of Vehumet.
 10547 | D:10     | Found a portal to a secret trove of treasure.
 10676 | D:10     | Noticed a two-headed ogre
 10682 | D:10     | Killed a two-headed ogre
 10683 | D:10     | Reached skill level 1 in Evocations
 10912 | D:10     | Found a bloodstained altar of Trog.
 10961 | D:10     | Reached XP level 11. HP: 78/99 MP: 10/10
 11100 | D:10     | Found an ancient bone altar of Kikubaaqudgha.
 11131 | D:10     | Reached skill level 10 in Fighting
 11407 | D:11     | Noticed Lodul
 11407 | D:11     | Noticed Nergalle
 11453 | D:11     | Reached skill level 10 in Axes
 11461 | D:11     | Found a gate leading to a gauntlet.
 11480 | Gauntlet | Entered a Gauntlet
 11480 | Gauntlet | Found a runed translucent door.
 11480 | Gauntlet | Found a transporter.
 11480 | Gauntlet | Found a runed translucent door.
 11480 | Gauntlet | Found a runed translucent gate.
 11480 | Gauntlet | Found a transporter.
 11566 | Gauntlet | Found a runed translucent gate.
 11571 | Gauntlet | Found a runed translucent gate.
 11578 | Gauntlet | Found a transporter.
 11582 | Gauntlet | Found a transporter.
 11586 | Gauntlet | Noticed a sixfirhy
 11590 | Gauntlet | Found a transporter.
 11594 | Gauntlet | Found a transporter.
 11619 | Gauntlet | Found a transporter.
 11633 | Gauntlet | Noticed a green death
 11635 | Gauntlet | Found a transporter.
 11652 | Gauntlet | Found a transporter.
 11653 | Gauntlet | Found a transporter.
 11660 | Gauntlet | Noticed a catoblepas
 11661 | Gauntlet | Found a runed translucent door.
 11661 | Gauntlet | Found a runed translucent door.
 11665 | Gauntlet | Found a transporter.
 11669 | Gauntlet | Found a transporter.
 11714 | Gauntlet | a moth of wrath changed into a death drake
 11714 | Gauntlet | Noticed a death drake (shapeshifter)
 12048 | Gauntlet | Killed a sixfirhy
 12193 | Gauntlet | Killed a green death
 12243 | Gauntlet | Noticed a minotaur
 12254 | Gauntlet | Killed a minotaur
 12255 | Gauntlet | Reached skill level 10 in Armour
 12661 | D:11     | Noticed Fannar
 12685 | D:11     | HP: 5/151 [Fannar/staff of cold (3)]
 12685 | D:11     | HP: 2/151 [Fannar/staff of cold (3)]
 12686 | D:11     | Killed from afar by Fannar

Illustrated notes

Levels and vault maps discovered:
D:1:      dpeg_arrival_pits, layout_basic, serial_bayou_pond_b, st_stairs_10,
          kennysheep_doodads
D:2:      layout_basic, kennysheep_generic_room_16
D:3:      layout_loops_ring, elyvilon_altar_5, minivault_25
D:4:      layout_rooms, gup_sewer_entry_bubbles
D:5:      layout_layer_cave, serial_shops, nicolae_shop_crystal
D:6:      layout_gridville, grunt_temple_overflow_gold_and_silver,
          makhleb_altar_promises_db, nicolae_overflow_two_pavilions, uniq_edmund
D:7:      layout_basic, minmay_overflow_temple_hex,
          minmay_temple_entry_butterflies, uniq_crazy_yiuf_cottage
D:8:      layout_rooms, lightli_minifort
D:9:      layout_basic, lemuel_doored_altar, minmay_fountain_box,
          uniq_prince_ribbit1
D:10:     layout_irregular_city, nicolae_overflow_crystal_walls,
          mainiacjoe_overflow_small_starburst, kiku_gazebo_pond_becter,
          trove_entry_hex_spiral
D:11:     nicolae_cairo_tiling, layout_irregular_city, david_lair_shrubbed,
          hiddenorc2_lemuel, gauntlet_entry_generic, uniq_lodul, uniq_nergalle,
          uniq_fannar

Skill      XL: |  1  2  3  4  5  6  7  8  9 10 11 |
---------------+----------------------------------+-----
Axes           | 4 5 6 7 8 9 10 | 10.4
Fighting       | 4 5 6 7 8 9 10 | 10.5
Armour         | 3 4 5 6 8 9 10 | 10.1
Dodging        | 3 4 5 6 7 8 9 |  9.2
Shields        | 1 2 3 4 5 7 8 9 |  9.4
Evocations     | 1 3 |  3.0

Action                   |  1- 3 |  4- 6 |  7- 9 | 10-12 || total
-------------------------+-------+-------+-------+-------++-------
Melee: Hand axe          |    78 |   187 |    65 |       ||   330
       Headbutt          |    13 |    30 |    45 |    32 ||   120
       War axe           |       |       |   188 |   157 ||   345
Invok: Berserk           |     1 |       |     6 |     4 ||    11
       Trog's Hand       |       |       |       |     2 ||     2
       Brothers in Arms  |       |       |       |     2 ||     2
  Use: Scroll            |       |     8 |       |    15 ||    23
 Stab: Sleeping          |       |     1 |       |       ||     1
Armor: Animal skin       |    15 |     5 |       |       ||    20
       Ring mail         |       |    46 |    90 |    69 ||   205
Dodge: Dodged            |    61 |    71 |   108 |   107 ||   347
Block: Kite shield       |     3 |    70 |   124 |   106 ||   303

Table legend: (Time is in decaauts)
 A = Elapsed time spent in this place.
 B = Non-inter-level travel time spent in this place.
 C = Inter-level travel time spent in this place.
 D = Time resting spent in this place.
 E = Time spent auto-exploring this place.
 F = Levels seen in this place.
 G = Mean time per level.
                   A        B        C        D        E       F      G
               +--------+--------+--------+--------+--------+-----+--------+
         Total |  12949 |  12590 |    359 |   2676 |   7713 |  13 |  996.1 |
       Dungeon |  11562 |  11203 |    359 |   2087 |   7419 |  11 | 1051.1 |
         Sewer |    254 |    254 |      0 |      0 |    194 |   1 |  254.0 |
      Gauntlet |   1132 |   1132 |      0 |    589 |    100 |   1 | 1132.0 |
               +--------+--------+--------+--------+--------+-----+--------+

Top non-repeatable levels by time:
     D:5: 1876 daAuts
     D:7: 1608 daAuts
     D:9: 1537 daAuts
    D:10: 1337 daAuts
     D:8: 1190 daAuts
Gauntlet: 1132 daAuts
     D:2: 1038 daAuts
     D:3: 877 daAuts
     D:1: 699 daAuts
     D:4: 665 daAuts
     D:6: 576 daAuts
   Sewer: 254 daAuts
    D:11: 155 daAuts
